 Dungeon Crawl Stone Soup version 0.32-a0-290-g598725c5f2 (webtiles) character file.

Game seed: 12379887204249811562

2959 ThassasOracle the Arsonist (level 9, -3/62 HPs)
             Began as a Mountain Dwarf Fire Elementalist on Feb 13, 2024.
             Was an Initiate of Yredelemnul.
             Slain by a two-headed ogre
             ... wielding a +0 giant club
              (26 damage)
             ... on level 7 of the Dungeon.
             The game lasted 00:09:46 (5410 turns).

ThassasOracle the Arsonist (MDFE)                   Turns: 5410, Time: 00:09:47

Health: -3/62      AC:  8    Str: 11    XL:     9   Next: 52%
Magic:  9/18       EV: 11    Int: 26    God:    Yredelemnul [......]
Gold:   217        SH:  0    Dex: 10    Spells: 18/21 levels left

rFire   + . .        D - staff of conjuration {!a}
rCold   x . .        (no shield)
rNeg    . . .        H - +0 acid dragon scales
rPois   .            q - +0 helmet
rElec   .            (no cloak)
rCorr   +            y - +0 pair of gloves
SInv    .            (no boots)
Will    .....        m - amulet of magic regeneration
Stlth   +            n - ring of fire
HPRegen 0.30/turn    E - +6 ring of intelligence
MPRegen 0.56/turn

%: no passive effects
@: wreathed by umbra
A: runic magic, artefact enchanting
a: Renounce Religion, Light the Black Torch, Recall Undead Harvest


You were on level 7 of the Dungeon.
You worshipped Yredelemnul.
Yredelemnul was noncommittal.
You visited 2 branches of the dungeon, and saw 8 of its levels.

You collected 354 gold pieces.
You spent 137 gold pieces at shops.

Inventory:

Hand Weapons
 A - a +1 dagger of venom
Armour
 a - a +0 robe
 q - a +0 helmet (worn)
 u - a +0 ring mail
 y - a +0 pair of gloves (worn)
 H - +0 acid dragon scales (worn)
Magical Staves
 D - a staff of conjuration (weapon) {!a}
Jewellery
 m - an amulet of magic regeneration (around neck)
 n - a ring of fire (left hand)
 p - an amulet of the acrobat
 E - a +6 ring of intelligence (right hand)
 F - a ring of resist corrosion
Wands
 c - a wand of acid (22)
 i - a wand of roots (6)
 r - a wand of polymorph (17)
 v - a wand of flame (13)
Scrolls
 d - 2 scrolls of enchant armour {unknown}
 e - 8 scrolls of identify {@r1}
 f - 2 scrolls of brand weapon {unknown}
 g - a scroll of acquirement {unknown}
 j - a scroll of vulnerability {unknown}
 k - 3 scrolls of teleportation {@r3}
 t - 4 scrolls of amnesia {unknown}
 C - a scroll of enchant weapon
 I - a scroll of fog {unknown}
 K - a scroll of noise {unknown}
Potions
 b - a potion of magic
 h - 2 potions of might {unknown}
 l - 2 potions of attraction
 o - 2 potions of ambrosia {unknown}
 s - 3 potions of mutation {unknown}
 w - a potion of curing {@q2}
 x - a potion of haste {unknown}
 z - 2 potions of degeneration {unknown}
 B - a potion of heal wounds {unknown}
 G - a potion of brilliance {unknown}
 J - 2 potions of lignification {unknown}


   Skills:
 - Level 2.1 Dodging
 - Level 2.2 Stealth
 + Level 6.5 Spellcasting
 + Level 6.7 Conjurations
 + Level 9.6 Fire Magic


You had 18 spell levels left.
You knew the following spells:

 Your Spells              Type           Power      Damage    Failure   Level
a - Scorch                Fire           100%       2d9       1%          2
f - Foxfire               Conj/Fire      100%       2x1d9     1%          1

Your spell library contained the following spells:

 Spells                   Type           Power      Damage    Failure   Level
 Flame Wave               Conj/Fire      86%        2d18      2%          4
 Inner Flame              Hex/Fire       50%        N/A       3%          3
 Volatile Blastmotes      Fire/Tloc      100%       2d18      3%          3
 Necrotise                Necr           32%        1d5       8%          1
 Slow                     Hex            32%        N/A       8%          1
 Jinxbite                 Hex            16%        N/A       11%         2
 Vampiric Draining        Necr           8%         2d6       22%         3
 Martyr's Knell           Necr/Summ      8%         N/A       58%         4
 Curse of Agony           Necr           8%         N/A       90%         5
 Yara's Violent Unravell  Hex/Alch       4%         3d4       90%         5
 Enfeeble                 Hex            4%         N/A       100%        7


Dungeon Overview and Level Annotations

Branches:
Dungeon (8/15)             Temple (1/1) D:4
   Lair: D:8-11

Altars:
Ashenzari
Cheibriados
Dithmenos
Elyvilon
Gozag
Hepliaklqana
Kikubaaqudgha
Makhleb
Nemelex Xobeh
Okawaru
Ru
Trog
Vehumet
Wu Jian
Xom
Yredelemnul
The Shining One

Shops:
D:3 !   D:4 ?   D:8 (


Innate Abilities, Weirdness & Mutations

Your spellcasting is much less encumbered by armour.
You can use scrolls of enchantment on lesser artefacts.


Message History

You feel a surge of power!
Flames lash the orc warrior.
The orc warrior is lightly wounded.
The orc warrior's fire resistance burns away.
The grasping roots constrict the orc warrior.
The grasping roots constrict the two-headed ogre.
The roots release their grip on the two-headed ogre.
Your orc zombie hits the orc but does no damage.
The orc hits your orc zombie with a +0 dagger.
The grasping roots constrict the orc warrior, but do no damage.
The roots release their grip on the orc warrior.
Your orc zombie hits the orc but does no damage.
The orc hits your orc zombie with a +0 dagger.
Your orc zombie is destroyed!
The orc shouts!
Things that are here:
a +3 hand axe; a +0 robe The orc warrior is no longer more vulnerable to fire.
The two-headed ogre is no longer more vulnerable to fire.
Things that are here:
a +0 club; a +0 club; 13 poisoned darts
Things that are here:
a +0 whip; 2 stones; a +0 short sword You see here a +0 dagger.
Aiming: Fastroot
Press: ? - help, Q - select action, (/) - cycle Shift-Dir - straight line, f/p - two-headed ogre
Aim: a two-headed ogre, wielding two +0 giant clubs (heavily wounded, umbra)
The roots erupt in riotous growth!
Roots grab the two-headed ogre.
Roots grab the orc warrior.
The grasping roots constrict the orc warrior.
The grasping roots constrict the two-headed ogre.
You hear a shout! x3
The two-headed ogre escapes!
The orc warrior struggles to escape constriction.
The grasping roots constrict the orc warrior.
The roots release their grip on the orc warrior.
The two-headed ogre attacks as it pursues you!
The two-headed ogre hits you with a +0 giant club!!
You die...
Your body rises from the dead as a mindless zombie.

#..#. #..#.# #.#
###..#.### #.#
.)#..#...# #.#
#..o.. ... ##.##
.)..)# #.# ...#
#.# #.# #..#
#.###)#######..#
#..)...)oo..O@.#
#####.########.#
#.# ###.# ...
#Z..#
##.#.####.#######
..#.............
..........#####.
..######..# #.#
...######..# #.#
#.#


You could see a two-headed ogre, an orc warrior and an orc.

Vanquished Creatures
  Erica (D:8)
  3 steam dragons (D:8)
  An acid dragon (D:8)
  A sky beast (D:5)
  2 ice beasts (D:8)
  2 ogres (D:4)
  2 centaurs (D:8)
  A kobold brigand (D:7)
  3 scorpions (D:4)
  6 wights
  A bombardier beetle (D:3)
  2 jellies
  2 orc priests
  A gnoll bouda (D:4)
  Natasha (twice) (D:3)
  6 orc wizards
  Robin (D:3)
  4 gnolls
  5 adders
  2 ribbon worms
  5 dart slugs
  26 orcs
  7 endoplasms
  A giant cockroach (D:2)
  9 hobgoblins
  8 jackals
  11 kobolds
  2 quokkas
  7 ball pythons
  3 bats (D:1)
  2 frilled lizards
  12 goblins
  6 rats
147 creatures vanquished.

Vanquished Creatures (others)
  3 kobold zombies (D:7)
  2 orc zombies (D:7)
  207 foxfires
212 creatures vanquished.

Grand Total: 359 creatures vanquished

Notes
Turn   | Place    | Note
-------+----------+-------------------------------------------
     0 | D:1      | ThassasOracle the Mountain Dwarf Fire Elementalist began
                  | the quest for the Orb.
     0 | D:1      | Reached XP level 1. HP: 14/14 MP: 3/3
    35 | D:1      | Reached skill level 1 in Conjurations
   187 | D:1      | Reached XP level 2. HP: 20/20 MP: 0/4
   239 | D:1      | Found a faded altar of an unknown god.
   247 | D:1      | Got Plato's Encyclopedia of Interference
  1001 | D:1      | Learned a level 2 spell: Scorch
  1036 | D:2      | Reached XP level 3. HP: 26/26 MP: 2/6
  1042 | D:2      | Reached skill level 4 in Fire Magic
  1184 | D:2      | Reached XP level 4. HP: 33/33 MP: 5/7
  1333 | D:2      | Found a burning altar of Makhleb.
  1601 | D:3      | Found Cuatour's Distillery.
  1743 | D:3      | Reached XP level 5. HP: 38/38 MP: 2/8
  1762 | D:3      | Noticed Robin
  1802 | D:3      | Killed Robin
  2137 | D:3      | Noticed Natasha
  2144 | D:3      | Killed Natasha
  2145 | D:3      | Reached skill level 5 in Fire Magic
  2338 | D:3      | Found an ancient bone altar of Kikubaaqudgha.
  2485 | D:3      | Noticed Natasha
  2490 | D:3      | Killed Natasha
  2491 | D:3      | Reached XP level 6. HP: 45/45 MP: 6/10
  2755 | D:4      | Reached XP level 7. HP: 32/50 MP: 3/12
  2768 | D:4      | Reached skill level 6 in Fire Magic
  3228 | D:4      | Found an iron altar of Okawaru.
  3384 | D:4      | Found a staircase to the Ecumenical Temple.
  3571 | D:4      | Found Reehamyo's Magic Scroll Shoppe.
  3577 | D:4      | Bought a scroll of enchant weapon for 82 gold pieces
  3577 | D:4      | Bought a scroll of teleportation for 33 gold pieces
  3577 | D:4      | Bought a scroll of identify for 22 gold pieces
  3653 | Temple   | Entered the Ecumenical Temple
  3676 | D:5      | Entered Level 5 of the Dungeon
  3683 | D:5      | HP: 2/50 [gnoll/+0 halberd[a gnoll bouda] (8)]
  4023 | D:5      | Reached skill level 7 in Fire Magic
  4029 | D:5      | Reached XP level 8. HP: 51/57 MP: 5/14
  4049 | D:5      | You fall into a shaft and drop 3 floors!
  4092 | D:8      | Reached skill level 5 in Conjurations
  4095 | D:8      | Reached skill level 5 in Spellcasting
  4292 | D:8      | Reached skill level 8 in Fire Magic
  4331 | D:8      | Noticed Erica
  4336 | D:8      | Killed Erica
  4337 | D:8      | Reached XP level 9. HP: 62/62 MP: 12/17
  4344 | D:8      | Reached skill level 9 in Fire Magic
  4406 | D:8      | Found Ufao's Weapon Emporium.
  4798 | D:8      | Found a shadowy altar of Dithmenos.
  4798 | D:8      | Found a basalt altar of Yredelemnul.
  5109 | D:8      | Became a worshipper of Yredelemnul the Fallen
  5387 | D:7      | Noticed a two-headed ogre
  5410 | D:7      | Slain by a two-headed ogre

Illustrated notes

Levels and vault maps discovered:
D:1:      amcnicky_arrival_gap_in_the_tavern_cellar, layout_rooms,
          shapermc_ecumenical_altar_rom_forum, chequers_serial_rivers_room_b,
          roderic_lattice_a
D:2:      minmay_chambers_of_ones, layout_rooms, basic_altar
D:3:      layout_basic, old_standard_altar, serial_shops, shop, uniq_natasha,
          uniq_robin
D:4:      nicolae_cairo_tiling, layout_loops_ring, mainiacjoe_overflow_brackets,
          minmay_temple_entry_mist, serial_shops, nicolae_shop_waterfront
D:5:      layout_basic
D:7:      layout_loops_ring, patterned_corridor, uniq_menkaure
D:8:      cheibrodos_steamvent, layout_loops_cross,
          gammafunk_temple_overflow_elements, serial_shops,
          nicolae_shop_bloodbath_and_beyond, nicolae_water_bricks,
          lemuel_flame_loot_1, uniq_erica
Temple:   compressed_dpeg_triangle_lava_temple

Skill      XL: |  1  2  3  4  5  6  7  8  9 |
---------------+----------------------------+-----
Conjurations   | 1 2 3 4 6 |  6.7
Spellcasting   | 2 3 4 5 6 |  6.5
Fire Magic     | 4 5 7 8 9 |  9.6
Stealth        | 2 |  2.2
Dodging        | 2 |  2.1

Action                     |  1- 3 |  4- 6 |  7- 9 || total
---------------------------+-------+-------+-------++-------
  Melee: Unarmed           |    20 |     8 |     2 ||    30
   Cast: Foxfire           |    50 |    61 |   108 ||   219
         Scorch            |     5 |    53 |    73 ||   131
  Evoke: Wand              |       |     4 |     2 ||     6
    Use: Potion            |       |       |     3 ||     3
 Armour: Robe              |    16 |     4 |       ||    20
         Ring mail         |       |    24 |    39 ||    63
         Acid dragon scale |       |       |    23 ||    23
  Dodge: Dodged            |    15 |    29 |    32 ||    76

Table legend: (Time is in decaauts)
 A = Elapsed time spent in this place.
 B = Non-inter-level travel time spent in this place.
 C = Inter-level travel time spent in this place.
 D = Time resting spent in this place.
 E = Time spent auto-exploring this place.
 F = Levels seen in this place.
 G = Mean time per level.
                   A        B        C        D        E       F      G
               +--------+--------+--------+--------+--------+-----+--------+
         Total |   5412 |   5048 |    364 |    300 |   3893 |   8 |  676.5 |
       Dungeon |   5396 |   5047 |    349 |    300 |   3893 |   7 |  770.9 |
        Temple |     15 |      1 |     14 |      0 |      0 |   1 |   15.0 |
               +--------+--------+--------+--------+--------+-----+--------+

Top non-repeatable levels by time:
     D:4: 1235 daAuts
     D:8: 1123 daAuts
     D:1: 1037 daAuts
     D:3: 992 daAuts
     D:2: 546 daAuts
     D:7: 236 daAuts
     D:5: 224 daAuts
  Temple: 15 daAuts
